 Dungeon Crawl Stone Soup version 0.26-a0-259-g1effd001a9 (webtiles) character file.

Game seed: 2761049232419094885

37 sanka the Vandal (level 3, -9/23 HPs)
             Began as a Halfling Arcane Marksman on July 14, 2020.
             Killed by nerve-wracking pain
             ... invoked by Jessica
              (13 damage)
             ... on level 2 of the Dungeon.
             The game lasted 00:02:12 (1426 turns).

sanka the Vandal (Halfling Arcane Marksman)         Turns: 1426, Time: 00:02:13

Health: -9/23      AC:  2    Str: 11    XL:     3   Next: 60%
Magic:  4/4        EV: 19    Int: 11    God:
Gold:   129        SH:  0    Dex: 15    Spells: 3/4 levels left

rFire    . . .     SeeInvis +   b - +2 dagger (venom)
rCold    . . .     Faith    .   (shield restricted)
rNeg     . . .     Spirit   .   e - +0 robe
rPois    .         Reflect  .   (no helmet)
rElec    .         Harm     .   (no cloak)
rCorr    .                      (no gloves)
MR       .....                  (no boots)
Stlth    +.........             (no amulet)
HPRegen  0.07/turn              l - +4 ring of evasion
MPRegen  0.09/turn              g - ring of see invisible

@: no status effects
A: small, mutation resistance 1
a: no special abilities


You were on level 2 of the Dungeon.
You were not hungry.

You visited 1 branch of the dungeon, and saw 2 of its levels.

You collected 129 gold pieces.


Innate Abilities, Weirdness & Mutations

You are small and have problems with some larger weapons.
You are somewhat resistant to further mutation.


   Skills:
 + Level 1.4 Fighting
 + Level 3.6 Slings
 + Level 2.6 Dodging
 + Level 1.3 Spellcasting
 + Level 2.6 Hexes


You had 3 spell levels left.
You knew the following spells:

 Your Spells              Type           Power        Failure   Level
Z - Corona                Hex            #......      11%         1

Your spell library contained the following spells:

 Spells                   Type           Power        Failure   Level
 Slow                     Hex            #.......     16%         2
 Inner Flame              Hex/Fire       #.......     47%         3
 Portal Projectile        Hex/Tloc       #.....       47%         3
 Cause Fear               Hex            #.........   71%         4
 Leda's Liquefaction      Hex/Erth       #.........   87%         4

Inventory:

Hand Weapons
 a - a +0 hunting sling
 b - a +2 dagger of venom (weapon)
Missiles
 d - 13 sling bullets
 o - 5 stones (quivered)
Armour
 e - a +0 robe (worn)
Jewellery
 g - a ring of see invisible (right hand)
 h - an uncursed ring of magical power
 l - a +4 ring of evasion (left hand)
Scrolls
 c - 4 scrolls of immolation {unknown}
 i - 2 scrolls of identify {unknown}
 k - 4 scrolls of remove curse {unknown}
 m - a scroll of teleportation {unknown}
Potions
 j - a potion of ambrosia {unknown}
 n - 2 potions of curing {unknown}
 p - a potion of lignification {unknown}
Comestibles
 f - 5 rations

Dungeon Overview and Level Annotations

Branches:
Dungeon (2/15)

Altars:

Annotations:
D:2 Jessica

▒▒▒▒▒▒▒▒▒▒
▒........▒
▒▒▒▒▒.▒▒▒▒▒▒.▒
▒...▒.▒▒▒▒▒▒.▒▒▒▒
▒.▒.............▒
▒...▒.▒▒▒▒▒▒.▒▒.▒▒▒
▒▒.▒▒.▒▒▒▒▒▒.▒.....
▒.▒▒.......<.....▒
▒p▒▒▒▒▒▒▒▒▒▒▒...▒▒
▒@▒ ▒▒.▒▒ ▒.▒ ▒.▒
▒.▒ ▒.▒ ▒l▒ ▒+▒ ▒.▒
▒.▒ ...


You could see Jessica (very poisoned) and a frilled lizard.


Message History

Found 17 gold pieces.
Found an escape hatch in the ceiling.
No target in view!
You now have 129 gold pieces (gained 17).
Jessica the Apprentice Sorceress comes into view.
She is wielding a +0 club.
Jessica is nearby!
Jessica is nearby!
Jessica shouts!
Jessica gestures at you while chanting. Pain shoots through your body!
A frilled lizard comes into view.
Jessica gestures at you while chanting. Pain shoots through your body!
* * * LOW HITPOINT WARNING * * *
You closely miss Jessica. Jessica misses you.
You closely miss Jessica.
The frilled lizard hisses angrily.
Jessica hits you but does no damage.
You closely miss Jessica. Jessica gestures at you while chanting.
Pain shoots through your body!
* * * LOW HITPOINT WARNING * * *
You hit Jessica.
Jessica is poisoned.
Jessica is lightly wounded.
Jessica casts a spell at you. Pain shoots through your body!
Ouch! That really hurt!
You die...

Action                   || total
-------------------------++-------
Melee: Dagger            ||    37
 Fire: Hunting sling     ||    46
  Eat: Ration            ||     1
Armor: Robe              ||     1
Dodge: Dodged            ||    31

Levels and vault maps discovered:
D:1:      giann_wishing_wells, layout_loops_ring, minmay_misc_feat_four_crosses
D:2:      layout_loops_corners, led_sif_pool, uniq_jessica

Notes
Turn   | Place    | Note
-------+----------+-------------------------------------------
     0 | D:1      | sanka the Halfling Arcane Marksman began the quest for the
                  | Orb.
     0 | D:1      | Reached XP level 1. HP: 12/12 MP: 2/2
    84 | D:1      | Reached skill level 1 in Fighting
   154 | D:1      | Reached XP level 2. HP: 18/18 MP: 3/3
   986 | D:2      | Reached XP level 3. HP: 23/23 MP: 4/4
  1419 | D:2      | Noticed Jessica
  1426 | D:2      | Killed from afar by Jessica

Vanquished Creatures
  An adder (D:2)
  A dart slug (D:1)
  A leopard gecko (D:1)
  2 bats
  3 goblins
  3 hobgoblins
  A quokka (D:2)
  3 frilled lizards
  6 kobolds
  4 rats
25 creatures vanquished.
